[Event "ETCC Open 2023"]
[Site "Budva"]
[Date "2023.11.14"]
[Round "4.19"]
[White "Sargsyan, Shant"]
[Black "Nabaty, Tamir"]
[Result "1/2-1/2"]
[ECO "D11"]
[WhiteElo "2625"]
[BlackElo "2632"]
[Annotator "TA"]
[PlyCount "62"]
[EventDate "2023.11.10"]
[EventType "team-tourn"]
[EventCountry "MNE"]
[SourceTitle "playchess.com"]
[Source "ChessBase"]
[SourceQuality "1"]
[WhiteTeam "Armenia"]
[BlackTeam "Israel"]
[WhiteTeamCountry "ARM"]
[BlackTeamCountry "ISR"]
[TimeControl "40/5400+30:1800+30"]

1. d4 d5 2. c4 c6 3. Nf3 dxc4 4. a4 e6 5. g3 c5 6. Bg2 {[%emt 0:01:06] D11: Slav Defence: 3 Nf3 sidelines and 3...Nf6 4 e3 Bg4.} Nc6 $1 {[%emt 0:00:42][%cal Rc5d4] [#]} 7. Na3 $146 ({Predecessor:} 7. Be3 Nf6 8. Na3 cxd4 9. Nxd4 Bb4+ 10. Kf1 Nd5 11. Nxc6 bxc6 12. Nxc4 Ba6 13. Bxd5 cxd5 {0-1 Nguyen,D (1601)-Nguyen,Q (1857) Eastern Asia-ch U16 2021 (2)}) 7... cxd4 8. Nxc4 {[%emt 0:00:23] Black has an edge.} Bc5 9. O-O Nge7 10. a5 O-O 11. Nfe5 Nxe5 12. Nxe5 f6 13. Nd3 Bd6 14. Qb3 {[%emt 0:01:20] [#] a6 is the strong threat.} Rb8 15. Nf4 {[%emt 0:03:31][%mdl 1024] White has compensation.} Qd7 16. Rd1 Be5 17. Bh3 $36 {[%emt 0:15:54][%cal Rh3e6][%mdl 2048] White is pushing.} f5 18. Bg2 Kh8 19. e3 {[%emt 0:09:45] White is much more active.} Rd8 ({Black should play} 19... Nc6 $14) 20. Nd3 Bf6 21. exd4 {[%emt 0:05:23] [#] Threatens to win with Bf4.} Nc6 22. Bxc6 Qxc6 23. Bf4 Ra8 24. Be5 {[%emt 0:03:10] And now Rdc1 would win.} b6 25. a6 {[%emt 0:01:10] Dodges Bb7} (25. Nf4 $16) 25... Qf3 $11 26. Re1 {[%emt 0:04:06][%cal Bd1e1,Be1e3,Be3c3][%mdl 32] Bxf6 would be deadly.} Bxe5 27. Re3 Qd5 28. Qxd5 Rxd5 29. Nxe5 Rxd4 30. Rc3 Bd7 (30... Rd5 $5 31. f4 Bd7 $11) 31. Rac1 h6 {[%emt 0:00:32] Weighted Error Value: White=0.09 (flawless) /Black=0.09 (flawless)} 1/2-1/2

[Event "ETCC Open 2023"]
[Site "Budva"]
[Date "2023.11.14"]
[Round "4.20"]
[White "Smirin, Ilia"]
[Black "Ter-Sahakyan, Samvel"]
[Result "1/2-1/2"]
[ECO "B92"]
[WhiteElo "2578"]
[BlackElo "2618"]
[Annotator "ChessBase"]
[PlyCount "171"]
[EventDate "2023.11.10"]
[EventType "team-tourn"]
[EventCountry "MNE"]
[SourceTitle "playchess.com"]
[Source "ChessBase"]
[SourceQuality "1"]
[WhiteTeam "Israel"]
[BlackTeam "Armenia"]
[WhiteTeamCountry "ISR"]
[BlackTeamCountry "ARM"]
[TimeControl "40/5400+30:1800+30"]

1. e4 c5 2. Nf3 d6 3. d4 cxd4 4. Nxd4 Nf6 5. Nc3 a6 6. Be2 e5 7. Nb3 Be7 8. Be3 Be6 9. Nd5 Nbd7 10. Qd3 Bxd5 11. exd5 Rc8 12. c4 O-O 13. O-O h5 14. h3 Re8 15. Rac1 Bf8 16. Nd2 a5 17. Nb1 Nc5 18. Qd1 g6 19. a3 Qb6 20. Qc2 Qb3 21. Nc3 Qxc2 22. Rxc2 Nb3 23. Rd1 Nd7 24. Nb5 a4 25. g4 hxg4 26. hxg4 Ndc5 27. g5 Rcd8 28. Kg2 Bg7 29. f3 Nd4 30. Nxd4 exd4 31. Bxd4 Bxd4 32. Rxd4 Kg7 33. Rh4 Re3 34. Kf2 Rde8 35. Rh1 R3e5 36. f4 Re3 37. Rh4 Rb3 38. Bf1 Re4 39. Rd2 Ree3 40. Kg1 Rg3+ 41. Kh1 Rgf3 42. Kg1 Rbe3 43. Bg2 Rd3 44. Rc2 Rfe3 45. Kf2 Re8 46. Rh3 Rd4 47. Kg3 Re3+ 48. Kg4 Re1 49. Rh1 Re3 50. Rh3 Rb3 51. Bf1 Rd1 52. Be2 Rb1 53. Rxb3 axb3 54. Rd2 Ne4 55. Rd4 Nc5 56. Rd2 Ne4 57. Rd4 f5+ 58. gxf6+ Nxf6+ 59. Kf3 Rxb2 60. c5 dxc5 61. Rd1 Rc2 62. d6 Rc3+ 63. Kf2 Nd7 64. Bb5 b2 65. Rb1 Rc2+ 66. Ke3 Nf8 67. d7 Ne6 68. Kd3 Rh2 69. Kc3 Kf6 70. Bc4 Nd8 71. Rxb2 Rxb2 72. Kxb2 Ke7 73. Bd3 Ne6 74. Bxg6 Nxf4 75. Be4 b6 76. Bf5 Ne2 77. a4 Nd4 78. Bg4 Nc6 79. Kc3 Ne5 80. Bh3 Nxd7 81. Kc4 Kd6 82. Bxd7 Kxd7 83. a5 Kc6 84. axb6 Kxb6 85. Kc3 c4 86. Kxc4 1/2-1/2

[Event "ETCC Open 2023"]
[Site "Budva"]
[Date "2023.11.14"]
[Round "4.21"]
[White "Saric, Ivan"]
[Black "Radjabov, Teimour"]
[Result "1-0"]
[ECO "C42"]
[WhiteElo "2659"]
[BlackElo "2745"]
[Annotator "TA"]
[PlyCount "151"]
[EventDate "2023.11.10"]
[EventType "team-tourn"]
[EventCountry "MNE"]
[SourceTitle "playchess.com"]
[Source "ChessBase"]
[SourceQuality "1"]
[WhiteTeam "Croatia"]
[BlackTeam "Azerbaijan"]
[WhiteTeamCountry "CRO"]
[BlackTeamCountry "AZE"]
[TimeControl "40/5400+30:1800+30"]

1. e4 e5 2. Nf3 Nf6 3. Nxe5 d6 4. Nf3 Nxe4 5. d4 d5 6. Bd3 Bf5 7. O-O Be7 8. Re1 O-O 9. Nbd2 {[%emt 0:00:51][%cal Rd2e4] C42: Petroff Defence: 3 Nxe5 and unusual White 3rd moves.} Nd6 10. Nf1 Bxd3 11. Qxd3 {[%emt 0:00:04] The position is equal.} c6 12. Bf4 Na6 {[%emt 0:00:32] [#]} 13. h4 $1 Nc7 14. Ng5 g6 {[%emt 0:01:16] [#]} 15. Ng3 $5 $146 {[%emt 0:10:07][%mdl 8] An interesting novelty.} ({Predecessor:} 15. Qh3 Nf5 16. Ne3 Nxd4 17. Be5 Nce6 18. Ng4 Nf5 19. Nxe6 fxe6 20. h5 gxh5 21. Qxh5 {½-½ Maghsoodloo,P (2719)-Duda,J (2732) FIDE World Cup 2023 (4.2)}) 15... Nde8 16. Re3 Bd6 17. Bxd6 Nxd6 18. Rae1 Re8 {[%emt 0:01:25] Black is weak on the dark squares} 19. Re5 h6 (19... Qf6 $11 {remains equal.}) 20. Nf3 {[%emt 0:13:21] White has more active pieces.} Qf6 21. b3 $1 {[%emt 0:03:54] Prevents Nc4} Ne6 22. c4 h5 23. a4 (23. cxd5 $6 Nf4 24. Rxe8+ Nxe8 $11) 23... Re7 24. cxd5 cxd5 (24... Nf4 $142 25. Qd2 Nxd5) 25. Qd2 $16 (25. Rxd5 $2 Nf4 26. Rxd6 Nxd3 $19) 25... Rae8 26. Rxd5 Ng7 $2 (26... Rd7 $16 {might work better.} 27. Ng5 Ng7) 27. Rxe7 $2 (27. Ree5 $18 {and the rest is easy.}) 27... Rxe7 (27... Qxe7 $142 28. Re5 Qd7) 28. Qh6 Nde8 29. Kh2 ({Better is} 29. Ng5 $16 {Intending Qh7+ and mate.} Ne6 30. N3e4) 29... Ne6 $14 30. Qe3 {[%emt 0:04:34] Strongly threatening Re5.} Qf4 31. Re5 {[%emt 0:01:26] And now Qxf4 would win.} Qxe3 32. Rxe3 {[%emt 0:00:39][%cal Be5e3,Be3c3,Bc3c4][%mdl 32] White wants to play d5.} (32. fxe3 Nf6 33. Ne4 Ng4+ 34. Kg3 Nxe5 35. Nxe5 Rc7 $15) 32... Nf6 33. Rc3 Rd7 34. Rc4 Kg7 35. Nf1 a6 36. a5 Nd5 37. Ne3 Rd6 (37... Ne7 $11) 38. g3 (38. Ng5 $16) 38... b5 (38... Ne7 $11) 39. axb6 $1 $16 Nxb6 40. Rb4 Nd5 41. Rb7 Rb6 42. Rxb6 Nxb6 {[%emt 0:00:46][%mdl 4096] Endgame KNN-KNN} 43. Kg2 f6 44. Kf1 g5 45. d5 Nc5 46. Nd4 {[%emt 0:00:00] Black must now prevent Ne6+.} Kf7 {[%emt 0:03:36] Prevents Ne6.} 47. Kg2 a5 48. Kf3 Ke8 49. Ke2 a4 ({Black should try} 49... gxh4 50. gxh4 Kd7) 50. bxa4 Ncxa4 51. Nb5 {[%emt 0:00:00] Prevents Nc3+.} Nc5 52. Kf3 {[%emt 0:00:00] Prevents Ne4.} Kd7 {[%emt 0:00:29] Dodges Nd6} (52... Nd3 $16 {was necessary.} 53. Nd6+ Ke7) 53. Nc3 $1 $18 Nd3 54. Ne4 Ne5+ {[%emt 0:00:07] [#]} 55. Kg2 $1 gxh4 56. gxh4 (56. Nxf6+ $6 Ke7 $16) 56... Ng6 57. Kg3 {[%emt 0:04:32] Inhibits f5.} f5 58. Nf6+ (58. Nxf5 Nxd5 59. Ng5 Kc6 $14) 58... Kd6 {[%emt 0:00:08] [#]} 59. Nxh5 ({And not} 59. Nxf5+ Ke5 $11) ({White must play} 59. f4 $1 $18) 59... Ke5 $14 60. Kh3 {[%emt 0:03:04][%cal Od5d6] d6! would be deadly.} f4 {[%emt 0:02:30] Black is on the road to losing.} (60... Nxd5 $14 61. Nxd5 Kxd5) 61. Ng2 (61. Ng4+ $18 Kxd5 62. Ngf6+ Ke5 63. Nh7) 61... Nxd5 (61... Kf5 $16) 62. Kg4 $18 Ke4 63. f3+ Ke5 $2 (63... Kd4 {keeps fighting.} 64. Nhxf4 (64. Ngxf4 Ne3+ 65. Kh3 Ne5 $16) 64... Ne5+ 65. Kg3 Nc7 66. Ne2+ Kd3 67. Nef4+ Kd4 68. Ne2+ Kd3) 64. Kg5 Nf8 $2 (64... Nxh4 65. Nxh4 Nc3 66. Ng6+ (66. Nxf4 Ne4+ 67. Kh5 Kxf4 $11) 66... Kd4 67. Kxf4 Nd5+ 68. Kg5 Kd3 69. Ne5+ Ke3) 65. Ngxf4 Ne7 66. Nf6 Kd4 67. h5 Ke3 68. N4d5+ Nxd5 69. Nxd5+ Kxf3 {[%emt 0:00:04] KN-KN} 70. h6 Kg3 71. Nf4 Kf3 72. Nd5 Kg3 $1 73. Nf6 {[%emt 0:00:11] White mates.} Ne6+ 74. Kf5 Nd4+ 75. Kg6 Ne6 76. Nd7 {[%emt 0:00:18] Weighted Error Value: White=0.20 (precise) /Black=0.21 (precise)} 1-0

[Event "ETCC Open 2023"]
[Site "Budva"]
[Date "2023.11.14"]
[Round "4.22"]
[White "Mamedyarov, Shakhriyar"]
[Black "Brkic, Ante"]
[Result "1-0"]
[ECO "D38"]
[WhiteElo "2734"]
[BlackElo "2622"]
[Annotator "TA"]
[PlyCount "123"]
[EventDate "2023.11.10"]
[EventType "team-tourn"]
[EventCountry "MNE"]
[SourceTitle "playchess.com"]
[Source "ChessBase"]
[SourceQuality "1"]
[WhiteTeam "Azerbaijan"]
[BlackTeam "Croatia"]
[WhiteTeamCountry "AZE"]
[BlackTeamCountry "CRO"]
[TimeControl "40/5400+30:1800+30"]

1. d4 Nf6 2. c4 e6 3. Nf3 d5 4. Nc3 Bb4 5. Bg5 h6 6. Bxf6 Qxf6 7. Qa4+ Nc6 8. e3 O-O {[%emt 0:00:18] D38: Queen's Gambit Declined: Ragozin Defence (4 Nf3 Bb4).} 9. Be2 dxc4 10. O-O Qe7 {[%emt 0:00:50] White has an edge.} 11. Bxc4 (11. a3 $5 Bxc3 12. bxc3 $14) 11... Na5 12. Bd3 Bxc3 $1 13. bxc3 b6 {[%emt 0:00:04] [#]} 14. Bb1 $5 $146 {[%emt 0:00:10][%mdl 8] An interesting novelty.} ({Predecessor:} 14. c4 c5 15. d5 Bd7 16. Qa3 exd5 17. cxd5 f5 18. Rfd1 Qd6 19. Rac1 Kh8 20. Be2 Rae8 {½-½ Dautov,R (2592)-Palac,M (2516) Bundesliga 2223 2022 (8.3)}) 14... Bb7 15. Qc2 g6 16. e4 c5 17. Qd2 Kg7 18. Bd3 Rfd8 19. Rfe1 Rac8 20. Rad1 Qf6 21. h4 cxd4 22. cxd4 Nc6 23. e5 Qe7 24. Be4 $1 Rc7 25. h5 Nb4 26. Bxb7 Rxb7 27. Rc1 Nd5 28. g3 (28. hxg6 $11 fxg6 29. Rc6) 28... Rc7 (28... g5 $15) 29. Rxc7 $11 Qxc7 30. Rc1 Qe7 31. hxg6 fxg6 32. Nh2 Qf7 33. Ng4 g5 $1 34. Qe2 Rd7 35. Ne3 Nxe3 36. Qxe3 {[%emt 0:01:29][%mdl 4096] Endgame KQR-KQR} Rc7 37. Rd1 Rc6 38. Qe4 Rc4 39. Kg2 Qd7 40. f4 gxf4 41. gxf4 Qa4 42. Rg1 Kf8 $2 (42... Qc2+ $1 $11 {and Black has nothing to worry.} 43. Kh1+ Kf7) 43. Kh3 $36 {[%emt 0:00:00][%mdl 2048] White threatens Qa8+ and mate. White is really pushing.} Qc2 $2 (43... Rxd4 44. Qa8+ Qe8 45. Rg8+ (45. Qxa7 {is a self mate.} Qh5+ 46. Kg3 Rd3+ 47. Kg2 Qf3+ 48. Kh2 Qh3#) 45... Kxg8 46. Qxe8+ Kg7 47. Qe7+ Kg8 48. Qxe6+ Kh8 49. Qf6+ Kh7 50. Qf7+ Kh8 51. e6) (43... Rc3+ 44. Kh4 Qc2 45. Qxc2 (45. Qa8+ Rc8 $14) 45... Rxc2) 44. Qxc2 Rxc2 {[%emt 0:00:01] KR-KR} 45. Rg6 Kf7 46. Rf6+ Ke7 47. f5 exf5 (47... Rxa2 $2 48. Rxe6+ Kd7 49. Rxh6 $18) 48. d5 $1 {[%emt 0:00:00][%cal Bd4d5,Bd5d6][%mdl 32] aiming for d6+.} Re2 $2 (48... Kd7 {is tougher.}) 49. d6+ Kd7 50. Rf7+ $1 Ke8 51. Rxf5 b5 {[%emt 0:02:33][%cal Oa7a5] [#]} 52. Kg4 $1 b4 53. Rh5 Kd7 {[%emt 0:02:55] [#]} 54. Kf5 $2 (54. Kf4 $1 $18 Rxa2 55. Rxh6) 54... Rxa2 $11 {[%emt 0:00:42] ...b3 would be deadly.} 55. Rxh6 {[%emt 0:00:02] Strongly threatening Rh7+.} Rf2+ 56. Ke4 {[%emt 0:00:03] Black must now prevent Rh7+.} Re2+ $2 (56... b3 $11) 57. Kd5 $18 {[%emt 0:00:49] e6+ would kill now.} Rd2+ 58. Kc5 {[%emt 0:00:05] White wants to mate with e6+.} Re2 59. Rh7+ (59. Kxb4 Rxe5 60. Rh7+ Kxd6 $11) 59... Kc8 60. e6 {[%emt 0:00:52] White mates.} ({Weaker is} 60. Rxa7 b3 $11) 60... b3 61. d7+ ({Stronger than} 61. Rxa7 Rxe6 62. Kc6 Rxd6+ 63. Kxd6 b2 $11) 61... Kc7 62. Rh8 {[%emt 0:00:06] Weighted Error Value: White=0.12 (very precise) /Black=0.38} 1-0

[Event "ETCC Open 2023"]
[Site "Budva"]
[Date "2023.11.14"]
[Round "4.23"]
[White "Martinovic, Sasa"]
[Black "Mamedov, Rauf"]
[Result "1/2-1/2"]
[ECO "D10"]
[WhiteElo "2542"]
[BlackElo "2644"]
[Annotator "TA"]
[PlyCount "71"]
[EventDate "2023.11.10"]
[EventType "team-tourn"]
[EventCountry "MNE"]
[SourceTitle "playchess.com"]
[Source "ChessBase"]
[SourceQuality "1"]
[WhiteTeam "Croatia"]
[BlackTeam "Azerbaijan"]
[WhiteTeamCountry "CRO"]
[BlackTeamCountry "AZE"]
[TimeControl "40/5400+30:1800+30"]

1. d4 d5 2. c4 c6 3. Nc3 Nf6 4. e3 Bf5 5. cxd5 cxd5 6. Qb3 Nc6 {[%emt 0:00:17] D10: Slav Defence: 3 cxd5 (without early Nf3) and 3 Nc3.} 7. Qxb7 Bd7 $1 8. Qb3 Rb8 {[%emt 0:00:05] White is slightly better.} 9. Qd1 e5 10. Nf3 Bd6 11. dxe5 Nxe5 12. Be2 Nxf3+ 13. Bxf3 Qc7 14. h3 O-O $1 15. O-O Rfd8 (15... Bh2+ 16. Kh1 $16) 16. a4 Bh2+ 17. Kh1 Be5 $1 18. Nxd5 Nxd5 19. Bxd5 Bxh3 20. gxh3 Qd7 $1 {[%emt 0:00:39] [#]} 21. Kg2 {[%emt 0:01:59] Hoping for e4.} Qxd5+ 22. Qxd5 Rxd5 23. e4 $36 {[%emt 0:01:16][%mdl 2048] [#] White is more active.} Rd7 $146 (23... Bxb2 $2 24. Rb1 Rd4 25. Rxb2 $18 (25. Bxb2 Rdb4 $18)) ({Predecessor:} 23... Rd6 24. Be3 Bd4 25. Bxd4 Rxd4 26. Rfd1 Rxe4 27. Rd7 h5 28. Ra3 Rf4 29. Rxa7 Rxb2 30. Rf3 Rxf3 31. Kxf3 {½-½ Al Sayed,M (2520)-Matlakov,M (2684) Qatar Masters op 2015 (2)}) 24. Be3 Bxb2 25. Rab1 h6 26. Rfc1 Rb4 27. Rc8+ Kh7 28. Ra8 {[%emt 0:00:51] And now a5 would win.} Rdb7 29. a5 {[%emt 0:02:10][%cal Ba4a5,Ba5a6,Ba6b7][%mdl 32] White is more active.} (29. Bxa7 Rxa4 30. Kf3 Rb3+ 31. Kg2 Rxe4 $17) (29. Rxa7 $6 Rxa7 30. Bxa7 Rxa4 $11) 29... Bd4 30. a6 $1 Rxb1 (30... R7b5 $16) 31. axb7 $16 {[%emt 0:00:07] KRB-KRB} Be5 {[%emt 0:00:06] [#]} 32. Bd4 $2 Bf4 $11 33. Be3 Bc7 {[%emt 0:03:21] [#]} (33... Be5 $1 $11) 34. Rxa7 ({Of course not} 34. Bxa7 $6 Rxb7 35. Be3 f6 $11) (34. Re8 $1 $16 ) 34... Bb8 35. Ra6 {[%emt 0:00:27] Black must now prevent Rb6.} Rxb7 36. Rb6 {[%emt 0:00:05] Weighted Error Value: White=0.17 (very precise) /Black=0.08 (flawless)} 1/2-1/2

[Event "ETCC Open 2023"]
[Site "Budva"]
[Date "2023.11.14"]
[Round "4.24"]
[White "Abasov, Nijat"]
[Black "Bosiocic, Marin"]
[Result "0-1"]
[ECO "B10"]
[WhiteElo "2679"]
[BlackElo "2537"]
[Annotator "TA"]
[PlyCount "72"]
[EventDate "2023.11.10"]
[EventType "team-tourn"]
[EventCountry "MNE"]
[SourceTitle "playchess.com"]
[Source "ChessBase"]
[SourceQuality "1"]
[WhiteTeam "Azerbaijan"]
[BlackTeam "Croatia"]
[WhiteTeamCountry "AZE"]
[BlackTeamCountry "CRO"]
[TimeControl "40/5400+30:1800+30"]

1. e4 c6 2. Nf3 d5 3. d3 Qc7 4. Nc3 dxe4 5. Nxe4 Nf6 6. Qe2 {[%emt 0:00:13] B10: Caro-Kann: 2 d3 and 2 c4.} Nxe4 7. Qxe4 Be6 8. c4 {[%emt 0:00:10] White is slightly better.} (8. Bf4 {keeps more tension.} Qb6 9. Be2 Bd5 10. Qe3) 8... Nd7 {[%emt 0:00:15] [#]} 9. Be2 $146 ({Predecessor:} 9. Ng5 Nf6 10. Nxe6 Qa5+ 11. Bd2 Qxd2+ 12. Kxd2 Nxe4+ 13. dxe4 fxe6 14. e5 g5 15. Re1 Bg7 16. Bd3 O-O 17. Rhf1 Rad8 18. Kc2 Rd4 19. f3 g4 {½-½ Abasov,N (2634)-Mendonca,L (2596) Baku op 2023 (8)}) 9... Nf6 10. Qe3 Bf5 11. Bd2 e6 12. Bc3 Bd6 13. Ne5 O-O 14. f4 b5 (14... Qb6 $5 15. d4 c5 $11) 15. g4 $36 {[%emt 0:04:27][%mdl 2048] White is pushing.} Bg6 16. h4 h5 (16... bxc4 $11 17. dxc4 Qb6 18. Qxb6 axb6) 17. gxh5 $1 $16 (17. Nxg6 $6 fxg6 18. O-O (18. Qxe6+ $2 Kh8 $19) 18... b4 $11) 17... Nxh5 18. c5 Be7 (18... Bxe5 $16 19. fxe5 Kh7) 19. O-O-O {[%emt 0:00:11] Rdg1 is the strong threat.} (19. Nxg6 fxg6 20. Qxe6+ Kh7 $16) 19... Bf6 20. Rdg1 (20. Nxg6 $6 fxg6 21. Be5 (21. Qxe6+ Qf7 $14) 21... Bxe5 22. fxe5 Rf7 $16) (20. d4 $1 $18 {and White stays clearly on top.}) 20... b4 21. Bd4 (21. Bxb4 Nxf4 22. Qxf4 Bxe5 $15) (21. Nxg6 bxc3 22. Bxh5 (22. Nxf8 Nxf4 23. Bf3 Rd8 $17) 22... Qa5 $11) ({White should try} 21. Bxh5 $16 Bxh5 22. Bxb4) 21... Rad8 $14 {[%emt 0:05:32][%cal Oh5f4] [#]} 22. Rg5 ({White should play} 22. Bxh5 $1 $14 Bxh5 23. Rg5) 22... Rd5 $2 {[%emt 0:01:09][%mdl 8192] [#]} (22... Bxg5 $2 23. hxg5 Rxd4 24. Bxh5 $18 (24. Qxd4 Ng3 $16) (24. Qxd4 Ng3 $16)) (22... Nxf4 $1 $11 23. Qxf4 Rxd4 24. Qxd4 Bf5) 23. b3 $2 Rfd8 (23... Nxf4 $1 $15 24. Qxf4 Rxd4 25. Qxd4 Bf5) 24. Bb2 {[%emt 0:00:30][%cal Od3d4] Black must now prevent d4!} (24. Bxh5 {simplifies} Rxd4 25. Bxg6 fxg6 26. Rxg6 Bxe5 27. Qxe5 Qxe5 28. fxe5 R8d5 29. Rxe6 Rxc5+ 30. Kd2) 24... Bxe5 (24... Nxf4 25. Qxf4 Bf5 26. Rxf5 exf5 27. d4 $18) 25. Rxe5 {[%emt 0:01:35][%mdl 8192] [#]} (25. Bxe5 $11 {and White has nothing to worry.} Qa5 26. Rd1 (26. Bxh5 $2 Rxd3 $19)) 25... Rxd3 $1 $19 (25... Nxf4 26. Qxf4 $18) 26. Bxd3 Rxd3 27. Qe1 {[%emt 0:07:29] White is weak on the light squares} (27. Qf2 $142 f6 28. f5 Bxf5 29. Rxf5 exf5 30. Qxf5 Qf4+ 31. Qxf4 Nxf4 32. Kb1) 27... f6 28. f5 exf5 (28... Bxf5 29. Rxf5 Nf4 30. Be5 fxe5 31. Qxe5 Qxe5 32. Rxe5 $16) (28... fxe5 29. fxg6 Rd5 30. Qxb4 $11) 29. Re7 Qf4+ (29... Qd8 $142 {...f4 would be deadly.} 30. Rg1 Kh7) 30. Kb1 Qg4 31. Ka1 (31. Rxa7 $2 f4 32. Ka1 f3 $19) 31... f4 32. Rf1 (32. Rg1 $17 Qf5 33. Qe6+ (33. Rxa7 $2 {too greedy.} f3 $19) 33... Qxe6 34. Rxe6) 32... f3 {[%emt 0:01:55] And now ...Qg2 would win.} ({Weaker is} 32... Ng3 33. Rg1 $17) 33. Rg1 {[%emt 0:02:28] Prevents Qg2} (33. Rxa7 f2 34. Qc1 Ng3 35. Rxf2 Rd1 $19) (33. Re3 f2 34. Qe2 Qxe2 35. Rxe2) 33... Qf5 {[%emt 0:00:58] Hoping for ...f2. Black is clearly winning.} 34. Qf2 {[%emt 0:00:45] [#]} Qd5 $1 {[%emt 0:03:23] ( -> ...Rd1+)} 35. Rc1 (35. Bc1 Rc3) 35... Rd2 36. Qg1 Kh7 {[%emt 0:00:42] Weighted Error Value: White=0.70/Black=0.33} 0-1

[Event "ETCC Open 2023"]
[Site "Budva"]
[Date "2023.11.14"]
[Round "4.25"]
[White "Yilmaz, Mustafa"]
[Black "Vitiugov, Nikita"]
[Result "1/2-1/2"]
[ECO "D27"]
[WhiteElo "2650"]
[BlackElo "2712"]
[Annotator "RC"]
[PlyCount "82"]
[EventDate "2023.11.10"]
[EventType "team-tourn"]
[EventCountry "MNE"]
[SourceTitle "playchess.com"]
[Source "ChessBase"]
[SourceQuality "1"]
[WhiteTeam "Turkey"]
[BlackTeam "England"]
[WhiteTeamCountry "TUR"]
[BlackTeamCountry "ENG"]
[TimeControl "40/5400+30:1800+30"]

1. d4 d5 2. c4 dxc4 3. Nf3 Nf6 4. e3 e6 5. Bxc4 c5 6. O-O Nc6 7. a3 a6 8. dxc5 Qxd1 9. Rxd1 Bxc5 10. b4 Be7 11. Bb2 O-O 12. Nbd2 b5 13. Be2 Bb7 14. Nb3 Rfd8 15. Rac1 Rxd1+ 16. Bxd1 Nd7 17. Nfd2 Rc8 18. f4 Kf8 19. Bf3 g6 20. Kf2 Nd8 21. Rxc8 Bxc8 22. Na5 Bd6 23. Ne4 Bc7 24. Nf6 h5 25. Nxd7+ Bxd7 26. Bf6 Ke8 27. Nb3 Bb6 28. Nd4 a5 29. h3 axb4 30. axb4 Bxd4 31. Bxd4 Bc6 32. Be2 Nb7 33. Be5 Ke7 34. e4 f6 35. Bb8 Nd6 36. Bxd6+ Kxd6 37. h4 Be8 38. Ke3 e5 39. g3 Ke7 40. Bd1 Kf8 41. Bb3 Bd7 1/2-1/2

[Event "ETCC Open 2023"]
[Site "Budva"]
[Date "2023.11.14"]
[Round "4.26"]
[White "Howell, David W L"]
[Black "Sanal, Vahap"]
[Result "1/2-1/2"]
[ECO "A14"]
[WhiteElo "2676"]
[BlackElo "2608"]
[Annotator "TA"]
[PlyCount "68"]
[EventDate "2023.11.10"]
[EventType "team-tourn"]
[EventCountry "MNE"]
[SourceTitle "playchess.com"]
[Source "ChessBase"]
[SourceQuality "1"]
[WhiteTeam "England"]
[BlackTeam "Turkey"]
[WhiteTeamCountry "ENG"]
[BlackTeamCountry "TUR"]
[TimeControl "40/5400+30:1800+30"]

1. Nf3 d5 2. g3 Nf6 3. Bg2 e6 4. c4 Be7 5. d4 O-O 6. Nc3 c6 7. O-O a5 $1 {[%emt 0:00:15][%mdl 4] is recently more successful than 7...Nbd7.} 8. b3 b6 9. Bb2 Ba6 {[%emt 0:00:47] A14: English Opening: 1...e6 with b3 by White.} 10. Nd2 b5 11. c5 b4 12. Na4 {[%emt 0:00:07] [#]} Nfd7 $146 ({Predecessor:} 12... Nbd7 13. Re1 Bb5 14. a3 Qc7 15. Qc2 e5 16. e4 bxa3 17. Bxa3 exd4 18. exd5 d3 {½-½ Narayanan,S (2673)-Bluebaum,M (2651) Speed Chess Q1 blitz 2022 (14)}) 13. Re1 f5 14. a3 Bb5 15. axb4 axb4 16. Qc2 Na6 17. Nf3 Bf6 18. Ra2 Qc7 (18... Qe7 $11 {keeps the balance.}) 19. Bc1 $16 Qb7 20. Bf4 Nc7 21. e3 Ra7 22. h4 (22. Qd2 $5) 22... Rfa8 23. Rb1 g6 24. Bh3 Bg7 {[%emt 0:00:00] [#]} 25. h5 $1 gxh5 26. Rab2 Bxa4 (26... Ne8 {is interesting.} 27. Ng5 Nf8 28. Nb6 Rd8) 27. bxa4 Rxa4 28. Bxc7 {[%emt 0:01:33] White is more active.} (28. Bf1 $14) 28... Qxc7 $11 {[%emt 0:00:00] The position is equal.} 29. Rxb4 Rxb4 30. Rxb4 Bf6 31. Qb3 Ra7 32. Ra4 Rb7 33. Rb4 Rxb4 34. Qxb4 Kf7 {[%emt 0:01:49] Weighted Error Value: White=0.09 (flawless) /Black=0.12 (very precise)} 1/2-1/2

[Event "ETCC Open 2023"]
[Site "Budva"]
[Date "2023.11.14"]
[Round "4.27"]
[White "Can, Emre"]
[Black "Adams, Michael"]
[Result "1/2-1/2"]
[ECO "E06"]
[WhiteElo "2566"]
[BlackElo "2670"]
[Annotator "TA"]
[PlyCount "59"]
[EventDate "2023.11.10"]
[EventType "team-tourn"]
[EventCountry "MNE"]
[SourceTitle "playchess.com"]
[Source "ChessBase"]
[SourceQuality "1"]
[WhiteTeam "Turkey"]
[BlackTeam "England"]
[WhiteTeamCountry "TUR"]
[BlackTeamCountry "ENG"]
[TimeControl "40/5400+30:1800+30"]

1. d4 Nf6 2. c4 e6 3. Nf3 d5 4. g3 Be7 5. Bg2 O-O 6. O-O dxc4 7. Qc2 c6 8. Qxc4 b5 {[%emt 0:00:06] E06: Closed Catalan: Early deviations.} 9. Qd3 $1 {[%emt 0:01:00][%mdl 4] outshines the older 9.Qc2.} Nbd7 10. Be3 a5 11. Rc1 {[%emt 0:01:45] [#]} Nd5 $146 ({Predecessor:} 11... b4 12. Rxc6 Bb7 13. Rc1 Ba6 14. Qd1 Nd5 15. Bd2 Qb6 16. Be1 a4 17. e4 N5f6 {0-1 Matlakov,M (2671)-Caruana,F (2776) Chess.com Rapid Losers 2022 (1.2)}) 12. Nc3 ({Reject} 12. Rxc6 Nb4 13. Qxb5 Rb8 $15) 12... b4 13. Nxd5 cxd5 14. Bf4 Ba6 15. Qd1 Ra7 16. Rc2 Qa8 17. Rac1 h6 18. Ne5 Nxe5 19. Bxe5 Rc8 20. h4 Rxc2 21. Qxc2 (21. Rxc2 {simplifies} a4 22. Rc1 Bf8 23. e3) 21... a4 22. b3 axb3 {[%emt 0:07:39] The position is equal.} 23. axb3 Bf8 24. Bf3 Bb5 25. Kg2 Bd7 26. h5 Ra2 27. Qc7 Ra7 28. Qc2 Ra2 29. Qc7 Ra7 $1 30. Qc2 {[%emt 0:00:05] Weighted Error Value: White=0.04 (flawless) /Black=0.03 (flawless)} 1/2-1/2